 Dungeon Crawl Stone Soup version 0.30.1-11-g7821555f0a (webtiles) character file.

Game seed: 11725230186296297706

199138 lonewolfV2 the Slayer (level 19, 0/174 HPs)
             Began as a Formicid Fighter on Nov 17, 2023.
             Was the Champion of Qazlal.
             Killed from afar by a nagaraja (18 damage)
             ... with a poison arrow
             ... on level 3 of the Snake Pit.
             The game lasted 00:55:01 (28164 turns).

lonewolfV2 the Slayer (Formicid Fighter)           Turns: 28164, Time: 00:55:01

Health: 0/174      AC: 34    Str: 31    XL:     19   Next: 16%
Magic:  31/31      EV:  4    Int: 12    God:    Qazlal [******]
Gold:   1735       SH: 29    Dex: 25    Spells: 18/18 levels left

rFire   + . .        u - +4 battleaxe "Cunaokih" {heavy, +Blink Str+7 Dex-4 SInv}
rCold   . . .        H - +2 tower shield {AC+3}
rNeg    . . .        B - +5 crystal plate armour "Dukhleday" {Int+3}
rPois   .            (helmet unavailable)
rElec   .            U - +2 cloak {rCorr}
rCorr   +            (no gloves)
SInv    +            h - +1 pair of boots {Stlth+}
Will    +....        v - amulet of regeneration Stlth
                     e - +6 ring of dexterity
HPRegen 1.29/turn    T - +6 ring of dexterity
MPRegen 0.22/turn

%: repel missiles
@: lethally poisoned (0 -> -17), protected from fire, studying Dodging, unable
to read
A: permanent stasis, dig shafts and tunnels, antennae 3, four strong arms,
deterioration 1, inability to read after injury 1
}: 1/15 runes: decaying
a: Dig, Shaft Self, Renounce Religion, Upheaval, Elemental Force, Disaster Area


You were on level 3 of the Snake Pit.
You worshipped Qazlal.
Qazlal was exalted by your worship.
You visited 5 branches of the dungeon, and saw 28 of its levels.
You also visited: Trove and Sewer.

You collected 2752 gold pieces.
You spent 1017 gold pieces at shops.

Inventory:

Hand Weapons
 a - a +3 heavy war axe
 r - the +5 hand axe of Fate {heavy, rElec rN+}
   (You found it on level 3 of the Dungeon)

   rElec:     It insulates you from electricity.
   rN:        It protects you from negative energy.
 u - the +4 battleaxe "Cunaokih" (weapon) {heavy, +Blink Str+7 Dex-4 SInv}
   (You bought it in a shop on level 5 of the Dungeon)

   Str:       It affects your strength (+7).
   Dex:       It affects your dexterity (-4).
   SInv:      It lets you see invisible.
   +Blink:    It lets you blink.
Missiles
 q - 6 throwing nets
Armour
 b - a +4 kite shield
 h - a +1 pair of boots of stealth (worn)
 B - the +5 crystal plate armour "Dukhleday" (worn) {Int+3}
   (You found it on level 7 of the Dungeon)

   Int:       It affects your intelligence (+3).
 H - a +2 tower shield of protection (worn)
 I - the +0 pair of boots of Gockujim {rF- rCorr SInv}
   (You found it in a treasure trove)

   rF:        It makes you vulnerable to fire.
   SInv:      It lets you see invisible.
   rCorr:     It protects you from acid and corrosion.
 J - the +1 pair of gloves of Tomorrow {rElec rCorr Int+2 SInv}
   (You found it in a treasure trove)

   Int:       It affects your intelligence (+2).
   rElec:     It insulates you from electricity.
   SInv:      It lets you see invisible.
   rCorr:     It protects you from acid and corrosion.
 K - the +0 pair of fencer's gloves {Riposte Dex+3}
   (You found it in a treasure trove)

   Riposte:   It allows the wearer to riposte with melee weapons, swiftly
   retaliating against missed or blocked melee attacks.
   Dex:       It affects your dexterity (+3).
 U - a +2 cloak of preservation (worn)
Jewellery
 e - a +6 ring of dexterity (left hand)
 v - an amulet of regeneration (around neck)
 y - a +4 ring of slaying
 Q - a ring of flight
 R - a +6 ring of strength
 T - a +6 ring of dexterity (right hand)
 Y - a ring of protection from cold
Wands
 j - a wand of iceblast (51)
 m - a wand of mindburst (31)
 x - a wand of charming (44)
 F - a wand of polymorph (15)
 N - a wand of digging (23)
Scrolls
 f - 21 scrolls of teleportation
 k - 5 scrolls of magic mapping
 s - 3 scrolls of brand weapon
 t - 10 scrolls of blinking
 E - 3 scrolls of amnesia
 G - 2 scrolls of poison
 O - 12 scrolls of identify
 Z - a scroll of fog
Potions
 d - 4 potions of might
 g - a potion of experience
 i - 7 potions of attraction
 n - 5 potions of mutation
 o - 4 potions of degeneration
 p - 6 potions of flight
 z - 4 potions of magic
 A - 8 potions of curing
 D - 2 potions of invisibility
 M - 3 potions of brilliance
 P - 3 potions of cancellation
 S - 2 potions of ambrosia
 V - a potion of resistance


   Skills:
 - Level 21.7 Fighting
 - Level 18.9 Axes
 + Level 10.4 Armour
 + Level 10.6 Shields
 - Level 17.2 Invocations


You had 18 spell levels left.
You didn't know any spells.
Your spell library contained the following spells:

 Spells                   Type           Power      Damage    Failure   Level
 Beastly Appendage        Tmut           0%         N/A       100%        1
 Necrotise                Necr           0%         1d4       100%        1
 Cigotuvi's Dreadful Rot  Necr/Pois/Air  0%         N/A       100%        2
 Ensorcelled Hibernation  Hex/Ice        0%         N/A       100%        2
 Passwall                 Tmut/Erth      0%         N/A       100%        2
 Wereblood                Tmut           0%         N/A       100%        2
 Ignite Poison            Fire/Tmut/Pois 0%         N/A       100%        3
 Spider Form              Tmut/Pois      0%         N/A       100%        3
 Vampiric Draining        Necr           0%         2d6       100%        3
 Animate Armour           Summ/Erth      0%         N/A       100%        4
 Dispel Undead            Necr           0%         3d6       100%        4
 Petrify                  Tmut/Erth      0%         N/A       100%        4
 Sticky Flame             Conj/Fire      0%         2d3       100%        4
 Agony                    Necr           0%         N/A       100%        5
 Blade Hands              Tmut           0%         N/A       100%        5
 Metabolic Englaciation   Hex/Ice        0%         N/A       100%        5
 Death Channel            Necr           0%         N/A       100%        6
 Iron Shot                Conj/Erth      0%         9d1       100%        6
 Statue Form              Tmut/Erth      0%         N/A       100%        6
 Ignition                 Fire           0%         3d3       100%        8
 Swiftness                Air            Unusable   N/A       N/A         3

Dungeon Overview and Level Annotations

Branches:
Dungeon (15/15)            Temple (1/1) D:7            Lair (5/5) D:11
  Swamp (4/4) Lair:2        Snake (3/4) Lair:3        Slime (0/5) Lair:4
    Orc (0/2) D:9          Vaults (0/5) D:14         Depths (0/4) D:15
  Sewer (visited)

Altars:
Ashenzari
Cheibriados
Dithmenos
Elyvilon
Fedhas
Gozag
Hepliaklqana
Kikubaaqudgha
Makhleb
Nemelex Xobeh
Okawaru
Qazlal
Ru
Trog
Uskayaw
Vehumet
Wu Jian
Xom
Yredelemnul
Zin
The Shining One

Shops:
D:5 [([:[*   D:8 *   D:11 [   D:14 [   D:15 ?

Annotations:
D:13 2 transporters


Innate Abilities, Weirdness & Mutations

You cannot be hasted, slowed, berserked, paralysed or teleported.
You can dig through walls and to a lower floor.
You have a pair of large antennae on your head. (SInv)
Your four strong arms can wield two-handed weapons with a shield.
Your body sometimes deteriorates upon taking damage.
You occasionally lose the ability to read scrolls when taking damage.


Message History

You are more poisoned.
You feel extremely sick.
The nagaraja gestures at you while chanting.
The bolt of poison hits you!!
You are more poisoned.
You feel threatened and lose the ability to read scrolls!
* * * LOW HITPOINT WARNING * * *
* * * LOW HITPOINT WARNING * * *
You feel extremely sick.
The nagaraja gestures at you while chanting.
The bolt of poison hits you.
You are more poisoned.
* * * LOW HITPOINT WARNING * * *
You feel much better.
* * * LOW HITPOINT WARNING * * *
You feel extremely sick. The nagaraja spits poison at you.
You block the splash of poison.
You feel much better.
* * * LOW HITPOINT WARNING * * *
You feel extremely sick.
The nagaraja gestures at you while chanting.
You resist with significant effort.
You feel much better.
You feel extremely sick.
You barely miss the nagaraja.
You feel extremely sick.
The nagaraja gestures at you while chanting.
The bolt of poison hits you!!
You are lethally poisoned!
* * * LOW HITPOINT WARNING * * *
You feel better. The nagaraja spits poison at you.
The splash of poison hits you but does no damage.
You are poisoned.
You feel better. The nagaraja casts a spell at you. The poison arrow hits you!!
You are poisoned.
You die...

..............#
..............##
.................
#..................
+..................
#........§§○......#
#...........N°.$.#
#........°.@.....#
#..........○○°...#
#.......)☼.§°☼$..#
#........))......#
#.........)......#
#................#
#................#
#................#
#................#


You could see a nagaraja (catching breath).

Vanquished Creatures
  Rupert (Lair:3)
  Gastronok (D:8)
  Donald (Snake:2)
  A thorn hunter (Swamp:4)
  A nagaraja (Snake:2)
  Aizul (Swamp:1)
  The ghost of Azazsd the Protected, a journeyman MiFi of Okawaru (Lair:4)
  8 eleionomae
  6 bunyips
  An ettin (D:15)
  Harold (D:10)
  2 shambling mangroves
  2 ice dragons (Lair:5)
  2 salamander tyrants (Snake:2)
  9 anacondas
  An ogre mage (D:15)
  20 hydras
  A vault guard (D:14)
  A catoblepas (Lair:5)
  A ghost crab (Swamp:3)
  10 alligators
  8 two-headed ogres
  5 boulder beetles
  10 death yaks
  4 naga warriors
  3 tengu warriors
  4 naga sharpshooters
  4 shock serpents
  A spriggan berserker (Swamp:4)
  Sonja (Lair:3)
  A skyshark (Lair:5)
  8 goliath frogs
  A spectral anaconda (Snake:2)
  3 salamander mystics
  2 deep trolls (D:15)
  5 spriggan druids
  2 wizards
  2 naga ritualists (Snake:1)
  4 bog bodies
  12 swamp dragons
  2 lindwurms (Lair:5)
  An orc sorcerer (D:15)
  4 deep elf pyromancers
  A wolf spider (Lair:5)
  A cyclops (D:14)
  8 mana vipers
  An oklob plant (Lair:5)
  8 salamanders
  7 ugly things
  2 will-o-the-wisps (Swamp:2)
  4 manticores
  Maurice (D:8)
  5 naga magi
  Joseph (D:7)
  12 elephants
  26 black mambas
  A guardian serpent (Lair:5)
  6 torpor snails
  A gargoyle (D:12)
  3 unseen horrors
  13 cane toads
  A spectral sea snake (Snake:2)
  2 kobold demonologists
  9 komodo dragons
  An anaconda simulacrum (Snake:2)
  6 rime drakes
  8 spectral nagas (Snake:2)
  A tengu conjurer (D:15)
  A sea snake skeleton (Snake:2)
  A troll (shapeshifter) (D:15)
  5 trolls
  6 meliai (D:14)
  A spectral guardian serpent (Snake:2)
  13 tyrant leeches
  27 hornets
  Prince Ribbit (D:6)
  5 polar bears
  13 blink frogs
  5 slime creatures (D:15)
  11 dream sheep
  A jumping spider (shapeshifter) (D:13)
  A guardian serpent skeleton (Snake:2)
  A shadow (D:12)
  11 spriggans
  94 yaks
  3 wraiths
  11 wyverns
  3 redbacks (Lair:5)
  2 steam dragons
  4 basilisks
  12 vampire mosquitoes
  3 sea snake simulacra (Snake:2)
  A death yak simulacrum (Lair:4)
  13 swamp worms
  24 nagas
  3 acid dragons
  A hydra simulacrum (Lair:4)
  16 water moccasins
  2 naga skeletons (Snake:2)
  6 orc warriors
  A guardian serpent simulacrum (Snake:2)
  A sky beast (D:6)
  11 swamp drakes
  A black mamba simulacrum (Lair:4)
  6 ice beasts
  4 centaurs
  14 wolves
  3 ogres
  A phantom (D:6)
  A kobold brigand (D:11)
  15 bullfrogs
  A cane toad simulacrum (Lair:4)
  4 wights
  20 killer bees
  An electric eel (Lair:1)
  3 howler monkeys
  A torpor snail simulacrum (Lair:4)
  A komodo dragon simulacrum (Lair:4)
  3 hounds
  3 jellies
  2 sleepcaps
  6 orc priests
  An iguana (D:4)
  Terence (D:2)
  13 orc wizards
  A sickly merfolk siren (Sewer)
  6 hell rats (Lair:4)
  A malarious merfolk avatar (Sewer)
  13 adders
  6 gnolls
  3 river rats (Sewer)
  A shadow imp (D:6)
  3 white imps
  An ufetubus (D:7)
  5 worms
  4 dart slugs
  31 orcs
  5 ball pythons
  8 bats
  15 endoplasms
  2 giant cockroaches (Sewer)
  3 goblins
  5 hobgoblins
  3 quokkas
  9 frilled lizards
  18 kobolds
  24 rats
874 creatures vanquished.

Vanquished Creatures (collateral kills)
  2 hydras
  Urug (D:13)
  A swamp dragon (Swamp:4)
  A bog body (Swamp:4)
  A cyclops (D:13)
  2 slime creatures (D:13)
  A hornet (Swamp:4)
  A spriggan (Swamp:4)
10 creatures vanquished.

Vanquished Creatures (others)
  Mlioglotl (Swamp:4)
  An alligator (Swamp:1)
  3 bloated husks
  4 swamp worms (Swamp:2)
  A swamp drake (Swamp:2)
10 creatures vanquished.

Grand Total: 894 creatures vanquished

Notes
Turn   | Place    | Note
-------+----------+-------------------------------------------
     0 | D:1      | lonewolfV2 the Formicid Fighter began the quest for the
                  | Orb.
     0 | D:1      | Reached XP level 1. HP: 18/18 MP: 1/1
   167 | D:1      | Found a faded altar of an unknown god.
   187 | D:1      | Reached XP level 2. HP: 17/24 MP: 2/2
   377 | D:1      | Reached XP level 3. HP: 30/30 MP: 3/3
   600 | D:1      | Reached skill level 4 in Fighting
  1440 | D:2      | Reached XP level 4. HP: 10/38 MP: 4/4
  1894 | D:2      | Noticed Terence
  1906 | D:2      | Killed Terence
  1907 | D:2      | Reached XP level 5. HP: 19/43 MP: 5/5
  2414 | D:2      | Reached skill level 5 in Fighting
  2824 | D:2      | Reached XP level 6. HP: 30/51 MP: 6/6
  3121 | D:3      | Identified the +3 ring mail of Siongy {Int+3 Dex+5}
  3502 | D:3      | Found a glowing drain.
  3520 | D:3      | Identified the +5 hand axe of Fate {heavy, rElec rN+}
  3531 | Sewer    | Entered a sewer
  3665 | Sewer    | Reached skill level 6 in Fighting
  3726 | Sewer    | Reached skill level 5 in Axes
  3748 | Sewer    | Reached XP level 7. HP: 33/58 MP: 7/7
  4343 | D:4      | Found a broken altar of Ashenzari.
  4738 | D:5      | Entered Level 5 of the Dungeon
  4738 | D:5      | Found Ladepn's Armour Emporium.
  4755 | D:5      | Bought a +2 kite shield for 231 gold pieces
  4895 | D:5      | Found Wathoery's Book Shoppe.
  4922 | D:5      | Found Erlang Shen's Dragon-Slaying Spoils.
  5056 | D:5      | Found Gadotz's Weapon Emporium.
  5167 | D:5      | Found Suffun's Armour Shoppe.
  5464 | D:5      | Found Atrorex's General Store.
  5621 | D:6      | Noticed Prince Ribbit
  5628 | D:6      | Reached skill level 7 in Fighting
  5668 | D:6      | Killed Prince Ribbit
  5669 | D:6      | Reached XP level 8. HP: 45/67 MP: 8/8
  5994 | D:6      | Reached skill level 8 in Fighting
  6081 | D:6      | Found a hide-covered altar of Uskayaw.
  6090 | D:6      | Found a hazy altar of Hepliaklqana.
  6341 | D:7      | Reached XP level 9. HP: 18/75 MP: 9/9
  6422 | D:7      | Found a staircase to the Ecumenical Temple.
  6437 | Temple   | Entered the Ecumenical Temple
  6494 | Temple   | Became a worshipper of Qazlal Stormbringer
  6513 | D:7      | Reached skill level 9 in Fighting
  6947 | D:7      | Noticed Joseph
  6987 | D:7      | Killed Joseph
  6988 | D:7      | Reached skill level 10 in Fighting
  7129 | D:7      | Found a bloodstained altar of Trog.
  7235 | D:7      | Identified the +5 crystal plate armour "Dukhleday" {Int+3}
  7369 | D:7      | Found a snail-covered altar of Cheibriados.
  7575 | D:7      | Reached * piety under Qazlal
  7614 | D:8      | Noticed a red ugly thing
  7620 | D:8      | Noticed Maurice
  7624 | D:8      | HP: 1/79 [red ugly thing (16)]
  7625 | D:8      | Killed a red ugly thing
  7626 | D:8      | Reached XP level 10. HP: 36/86 MP: 10/10
  7633 | D:8      | Reached skill level 11 in Fighting
  7633 | D:8      | Reached skill level 5 in Shields
  7650 | D:8      | Killed Maurice
  7945 | D:8      | Reached skill level 10 in Axes
  7977 | D:8      | Found Zenud's Assorted Antiques.
  8005 | D:8      | Reached skill level 12 in Fighting
  8231 | D:8      | Reached XP level 11. HP: 64/95 MP: 11/11
  8525 | D:8      | Noticed Gastronok
  8539 | D:8      | Killed Gastronok
  9279 | D:9      | Reached ** piety under Qazlal
  9280 | D:9      | Found a staircase to the Orcish Mines.
  9386 | D:9      | Found a burning altar of Makhleb.
  9468 | D:9      | Reached skill level 10 in Shields
 10210 | D:10     | Entered Level 10 of the Dungeon
 10211 | D:10     | Identified the +10 dagger "Feariv" {pain, rN+ Int+7 Dex-2}
 10259 | D:10     | Reached skill level 1 in Invocations
 10475 | D:10     | Reached skill level 5 in Invocations
 10694 | D:10     | Found a sacrificial altar of Ru.
 10870 | D:10     | Noticed a death yak
 10885 | D:10     | Killed a death yak
 10886 | D:10     | Reached XP level 12. HP: 92/102 MP: 16/16
 11002 | D:10     | Reached *** piety under Qazlal
 11100 | D:10     | Noticed Harold
 11112 | D:10     | Killed Harold
 11176 | D:10     | Identified the +3 hand axe of Kism {heavy, rN+ Str-3 Dex+4
                  | SInv}
 11264 | D:10     | Found a radiant altar of Vehumet.
 11270 | D:10     | Noticed a two-headed ogre
 11280 | D:10     | Killed a two-headed ogre
 11597 | D:11     | Noticed a two-headed ogre
 11607 | D:11     | Killed a two-headed ogre
 11622 | D:11     | Found a staircase to the Lair.
 11690 | D:11     | Reached skill level 10 in Invocations
 11799 | D:11     | Noticed a two-headed ogre
 11808 | D:11     | Killed a two-headed ogre
 11855 | D:11     | Reached skill level 10 in Armour
 11933 | D:11     | Reached **** piety under Qazlal
 11950 | D:11     | Found Qesen's Antique Armour Shop.
 12332 | D:12     | Reached XP level 13. HP: 99/108 MP: 21/21
 13202 | D:13     | Noticed a five-headed hydra
 13213 | D:13     | Noticed Urug
 13216 | D:13     | Killed an 11-headed hydra
 13226 | D:13     | Killed Urug
 13318 | D:13     | Found a transporter.
 13539 | D:13     | Found a transporter.
 13722 | D:5      | Bought the +4 battleaxe "Cunaokih" {heavy, +Blink Str+7
                  | Dex-4 SInv} for 786 gold pieces
 14167 | D:14     | Found Naxzaip's Armour Shop.
 14263 | D:14     | Noticed an eight-headed hydra
 14271 | D:14     | Killed an eight-headed hydra
 14306 | D:14     | Found a portal to a secret trove of treasure.
 14552 | Trove    | Entered a treasure trove
 14557 | Trove    | Found the +0 pair of fencer's gloves {Riposte Dex+3}
 14565 | Trove    | Identified the +1 ring mail of Kleptomania {rElec Int-2
                  | Dex+6}
 14566 | Trove    | Identified the +1 pair of boots of Yqerhurch {rPois Int+3
                  | Slay-5}
 14571 | Trove    | Identified the scarf of the Nexus {shadows, rN+ Will+
                  | Regen+ Str-2}
 14576 | Trove    | Identified the +0 pair of boots of Gockujim {rF- rCorr
                  | SInv}
 14578 | Trove    | Identified the +1 robe of the Countless Ears {rN+ Str+5}
 14580 | Trove    | Identified the +1 pair of gloves of Tomorrow {rElec rCorr
                  | Int+2 SInv}
 14586 | Trove    | Identified the +0 chain mail of the Distant Future {rF+
                  | rC+}
 14587 | Trove    | Identified the +0 leather armour "Oneu" {rN+ Regen+ MP+9
                  | SInv}
 14588 | Trove    | Identified the +2 crystal plate armour of Anaesthesia
                  | {Harm}
 14590 | Trove    | Identified the scarf of the Cobbler {harm, rElec}
 14875 | D:14     | Reached XP level 14. HP: 42/115 MP: 24/24
 15413 | D:14     | Found a gate to the Vaults.
 15690 | D:15     | Entered Level 15 of the Dungeon
 15793 | D:15     | Reached skill level 15 in Invocations
 15950 | D:15     | Found a staircase to the Depths.
 16294 | D:15     | Found Omofru's Magic Scroll Shoppe.
 16893 | Lair:1   | Entered Level 1 of the Lair of Beasts
 16940 | Lair:1   | Identified the +0 leather armour "Febrecvo" {Int+6}
 17114 | Lair:1   | Reached XP level 15. HP: 59/120 MP: 27/27
 17417 | Lair:1   | Found the +5 robe of Misfortune {Harm *Corrode *Slow EV+5}
 17713 | Lair:2   | Found a broken altar of Ashenzari.
 18300 | Lair:2   | Found a staircase to the Swamp.
 18622 | Lair:3   | Noticed Rupert
 18631 | Lair:3   | Killed Rupert
 18734 | Lair:3   | Found a staircase to the Snake Pit.
 18830 | Lair:3   | Reached skill level 15 in Axes
 18842 | Lair:3   | Noticed Sonja
 18846 | Lair:3   | Killed Sonja
 18906 | Lair:3   | Reached skill level 13 in Fighting
 19294 | Lair:4   | Found a staircase to the Slime Pits.
 19294 | Lair:4   | Found a runed translucent gate.
 19294 | Lair:4   | Found a runed translucent gate.
 19294 | Lair:4   | Found a runed translucent gate.
 19599 | Lair:4   | You fall into a shaft and drop 1 floor!
 19599 | Lair:5   | Entered Level 5 of the Lair of Beasts
 19601 | Lair:5   | Found a runed translucent door.
 19707 | Lair:5   | Reached skill level 14 in Fighting
 19928 | Lair:5   | Reached XP level 16. HP: 107/134 MP: 28/28
 19934 | Lair:5   | Reached ***** piety under Qazlal
 20001 | Lair:5   | Reached skill level 15 in Fighting
 20372 | Lair:5   | Identified the +7 rapier of Triumph {freeze, Drain Fly
                  | Str+4 Dex+2}
 20481 | Lair:5   | Reached skill level 16 in Fighting
 21092 | Lair:4   | Noticed Azazsd's ghost (journeyman MiFi)
 21531 | Lair:4   | Killed Azazsd's ghost
 21755 | Snake:1  | Entered Level 1 of the Snake Pit
 21765 | Snake:1  | Reached ****** piety under Qazlal
 21779 | Snake:1  | Reached skill level 17 in Fighting
 22159 | Snake:1  | Reached XP level 17. HP: 88/147 MP: 29/29
 22521 | Swamp:1  | Entered Level 1 of the Swamp
 22737 | Swamp:1  | Found a white marble altar of Elyvilon.
 22839 | Swamp:1  | Noticed Aizul
 22852 | Swamp:1  | Killed Aizul
 23122 | Swamp:1  | Reached skill level 18 in Fighting
 23803 | Swamp:2  | Found a transporter.
 23882 | Swamp:2  | Found a transporter.
 24105 | Swamp:2  | Gained mutation: You occasionally lose the ability to read
                  | scrolls when taking damage. [mutagenic glow]
 24116 | Swamp:2  | Identified the ring of the Shrinking Fool {Int+6 Stlth+}
 24120 | Swamp:2  | Identified the +1 hat of Enuhergh {SInv}
 24125 | Swamp:2  | Gained mutation: Your body sometimes deteriorates upon
                  | taking damage. [mutagenic glow]
 24367 | Swamp:3  | Reached skill level 19 in Fighting
 24742 | Swamp:4  | Entered Level 4 of the Swamp
 24744 | Swamp:4  | Noticed Mlioglotl
 24746 | Swamp:4  | Noticed a tentacled starspawn
 24753 | Swamp:4  | Killed Mlioglotl
 24769 | Swamp:4  | Reached XP level 18. HP: 100/160 MP: 11/30
 25013 | Swamp:4  | Reached skill level 20 in Fighting
 25486 | Swamp:4  | Got a decaying rune of Zot
 25662 | Swamp:4  | Identified the +7 dagger of Harmony {speed, rPois rF++
                  | Str+3}
 25912 | Snake:1  | Identified the +3 ring mail "Xaodgho" {+Blink}
 26666 | Snake:2  | Noticed Donald
 26675 | Snake:2  | Killed Donald
 26813 | Snake:2  | Reached skill level 21 in Fighting
 27248 | Snake:2  | Reached XP level 19. HP: 123/173 MP: 31/31
 28162 | Snake:3  | HP: 2/174 [nagaraja/bolt of poison (34)]
 28164 | Snake:3  | Killed from afar by a nagaraja

Illustrated notes

Levels and vault maps discovered:
D:1:      giann_forest_graveyard, layout_basic, shapermc_ecumenical_altar_venn
D:2:      cheibrodos_fertilizer, layout_basic, uniq_terence
D:3:      layout_rooms, cheibrodos_sewer_entry_bend
D:4:      layout_rooms, mainiacjoe_overflow_catwalk, grunt_decor_resistance
D:5:      layout_gridville, serial_shops, nicolae_diamond_shop,
          nicolae_diamond_shop, kennysheep_mini, shop, shop,
          nicolae_shop_dragon_depot
D:6:      layout_loops_ring, mainiacjoe_overflow_swirl, uniq_prince_ribbit1
D:7:      layout_loops_ring, mainiacjoe_overflow_concentric_impassable,
          mainiacjoe_overflow_surrounded_room, temple_fountains, uniq_joseph
D:8:      layout_layer_cave, serial_shops, shop, minmay_manual_mail,
          uniq_maurice, uniq_gastronok
D:9:      minmay_general_purpose_star, layout_basic, kennysheep_mini_moat
D:10:     argonaut_augean_stables, layout_stronghold, hangedman_ru_absence,
          vehumet_altar_wand_db, enter_bailey_2, uniq_harold
D:11:     layout_loops_ring, hellmonk_lair_entry_icy, serial_shops, shop
D:12:     layout_roguey
D:13:     gammafunk_wand_slinger, layout_irregular_city, patterned_corridor,
          uniq_urug
D:14:     layout_roguey, david_vaults_5, enter_trove_2, serial_shops,
          nicolae_stop_n_shop_1
D:15:     hangedman_depths_entry_civil_slaughter, layout_long_grid,
          serial_shops, shop
Temple:   eino_temple_water
Lair:1:   layout_cave_shapes, nicolae_lair_grazing_beasts
          [nicolae_sub_lair_graze_edge, nicolae_sub_lair_graze_edge,
          nicolae_sub_lair_graze_edge, nicolae_sub_lair_graze_edge]
Lair:2:   layout_regular_city, palyth_hydra_swamp_entry, basic_altar,
          chequers_serial_rivers_room_b, serial_bayou_shore_b
Lair:3:   layout_misc_corridors, guppyfry_snake_entry_garden, uniq_rupert,
          uniq_sonja
Lair:4:   layout_gridlike, slime_entry_1, gammafunk_ghost_icy, lemuel_fruit_tree
Lair:5:   hangedman_lair_tendril_chambers, layout_misc_corridors, wormcave,
          portal_ice_cave_entry_animals_and_master
Swamp:1:  layout_basic_swamp, serial_swamp_ruin, hangedman_swamp_ruin_wall,
          evilmike_swamp_ruin_house_5, swamp_pool5, nicolae_swamp_godswood,
          statue_in_the_mist_lemuel, infiniplex_staircase_pool_2, uniq_aizul
Swamp:2:  gammafunk_worm_tunnel, layout_basic_swamp,
          evilmike_swamp_ruin_rubble_1
Swamp:3:  layout_falls_marsh, evilmike_swamp_ruin_house_3
Swamp:4:  swamp_basic_johnstein, layout_basic_swamp, uniq_mlioglotl
Snake:1:  layout_rooms, grunt_megastairs_4
Snake:2:  layout_chambers, nicolae_snake_the_dead_are_slithering, uniq_donald
Snake:3:  nicolae_snake_attic_fulla_snakes, layout_grid_maze

Skill      XL: |  1  2  3  4  5  6  7  8  9 10 11 12 13 14 15 16 17 18 |
---------------+-------------------------------------------------------+-----
Fighting       | 4 5 6 7 8 10 12 14 17 19 21 | 21.7
Axes           | 3 4 5 6 7 9 10 12 14 15 16 17 18 | 18.9
Shields        | 7 10 | 10.6
Armour         | 4 8 10 | 10.4
Invocations    | 6 11 14 16 17 | 17.2

Action                     |  1- 3 |  4- 6 |  7- 9 | 10-12 | 13-15 | 16-18 | 19-21 || total
---------------------------+-------+-------+-------+-------+-------+-------+-------++-------
  Melee: War axe           |    69 |   116 |       |       |       |       |       ||   185
         Hand axe          |       |    59 |   167 |   403 |   135 |       |       ||   764
         Battleaxe         |       |       |       |       |   264 |   437 |    55 ||   756
 Invoke: Elemental Force   |       |       |       |       |     2 |     2 |       ||     4
         Disaster Area     |       |       |       |       |       |     3 |       ||     3
         Upheaval          |       |       |       |       |       |     1 |       ||     1
Ability: Dig               |       |       |       |     1 |     1 |       |       ||     2
  Evoke: Wand              |       |       |    19 |     4 |       |       |       ||    23
    Use: Scroll            |     3 |     5 |     9 |     8 |     8 |     2 |       ||    35
         Potion            |       |       |     6 |     4 |     2 |     3 |     5 ||    20
   Stab: Petrifying        |       |       |       |       |       |     1 |       ||     1
         Distracted        |       |       |       |       |       |     1 |       ||     1
 Armour: Scale mail        |    49 |    83 |     2 |       |       |       |       ||   134
         Chain mail        |       |       |    63 |       |       |       |       ||    63
         Crystal plate arm |       |       |    24 |   263 |   319 |   316 |    26 ||   948
         Skin              |       |       |       |    10 |       |       |       ||    10
  Dodge: Dodged            |    42 |    87 |    56 |    44 |    63 |    50 |     4 ||   346
         Repelled          |       |       |       |       |     1 |    11 |     2 ||    14
  Block: Buckler           |    25 |    45 |     4 |       |       |       |       ||    74
         Kite shield       |       |       |   112 |   448 |   264 |       |       ||   824
         Tower shield      |       |       |       |       |   370 |   971 |    89 ||  1430
Riposte: Battleaxe         |       |       |       |       |   136 |   223 |       ||   359
